 Dungeon Crawl Stone Soup version 0.30.0-5-g1a98f26d00 (webtiles) character file.

Game seed: 15351872014305122294

18274 apoch the Cleaver (level 12, -2/106 HPs)
             Began as a Hill Orc Fighter on May 11, 2023.
             Was a High Priest of Okawaru.
             Slain by a torpor snail (8 damage)
             ... on level 2 of the Lair of Beasts.
             The game lasted 00:25:57 (10834 turns).

apoch the Cleaver (Hill Orc Fighter)               Turns: 10834, Time: 00:25:58

Health: -2/106     AC: 13    Str: 24    XL:     12   Next: 56%
Magic:  19/19      EV: 12    Int:  8    God:    Okawaru [*****.]
Gold:   1119       SH: 10    Dex: 16    Spells: 11/11 levels left

rFire   . . .        a - +4 broad axe (pain)
rCold   . . .        H - +3 warlock's mirror {omnireflect}
rNeg    . . .        c - +0 chain mail
rPois   .            y - +2 hat
rElec   .            (no cloak)
rCorr   .            (no gloves)
SInv    +            (no boots)
Will    .....        u - amulet of regeneration Stlth
                     B - ring of see invisible
HPRegen 1.17/turn    s - +6 ring of dexterity
MPRegen 0.16/turn

%: reflection
@: slowed, very slow
A: no striking features
a: Renounce Religion, Heroism, Finesse, Duel


You were on level 2 of the Lair of Beasts.
You worshipped Okawaru.
Okawaru was extremely pleased with you.
You visited 3 branches of the dungeon, and saw 13 of its levels.

You collected 1119 gold pieces.

Inventory:

Hand Weapons
 a - a +4 broad axe of pain (weapon)
 b - a +0 demon whip of venom
 d - a +0 battleaxe
 Q - a +4 morningstar
Missiles
 e - 11 boomerangs
 r - 18 stones (quivered)
 K - 37 poisoned darts
Armour
 c - a +0 chain mail (worn)
 y - a +2 hat (worn)
 z - a +0 plate armour
 H - the +3 warlock's mirror (worn) {omnireflect}
   (You acquired it on level 7 of the Dungeon)

   Omnireflect: It can block and reflect piercing ranged attacks and magical
   attacks against the wielder's willpower.
Jewellery
 k - a ring of resist corrosion
 n - a ring of willpower
 s - a +6 ring of dexterity (right hand)
 u - an amulet of regeneration (around neck)
 B - a ring of see invisible (left hand)
 C - an amulet of magic regeneration
 D - a +6 ring of intelligence
 E - an amulet of reflection
Wands
 t - a wand of polymorph (20)
 w - a wand of paralysis (1)
 M - a wand of mindburst (5)
 N - a wand of digging (7)
 R - a wand of iceblast (10)
Scrolls
 h - 6 scrolls of identify
 j - 3 scrolls of vulnerability
 p - a scroll of amnesia
 q - 5 scrolls of teleportation
 x - 2 scrolls of enchant armour
 I - a scroll of poison
 J - a scroll of enchant weapon
 L - 6 scrolls of blinking
 O - a scroll of noise
 P - a scroll of magic mapping
Potions
 f - a potion of brilliance
 g - 5 potions of haste
 i - 4 potions of curing
 l - 2 potions of heal wounds
 m - 2 potions of mutation
 o - a potion of resistance
 v - 2 potions of attraction
 A - a potion of invisibility
 F - 2 potions of berserk rage
 G - 2 potions of cancellation
 S - a potion of lignification


   Skills:
 - Level 10.0 Fighting
 + Level 10.8 Axes
 - Level 10.0 Armour
 * Level 8.1 Dodging
 - Level 10.0 Shields
 - Level 10.0 Invocations


You had 11 spell levels left.
You didn't know any spells.
Your spell library contained the following spells:

 Spells                   Type           Power      Damage    Failure   Level
 Static Discharge         Conj/Air       0%         2-2/arc   97%         2
 Airstrike                Air            0%         2d(0-16)  100%        4
 Summon Small Mammal      Summ           Unusable   N/A       N/A         1
 Call Canine Familiar     Summ           Unusable   N/A       N/A         3
 Summon Guardian Golem    Hex/Summ       Unusable   N/A       N/A         3
 Summon Lightning Spire   Summ/Air       Unusable   N/A       N/A         4

Dungeon Overview and Level Annotations

Branches:
Dungeon (10/15)            Temple (1/1) D:4            Lair (2/5) D:8
    Orc (0/2) D:9
  Swamp: Lair:2-3    Shoals: Lair:2-3     Snake: Lair:2-3    Spider: Lair:2-3

Altars:
Ashenzari
Cheibriados
Dithmenos
Elyvilon
Fedhas
Gozag
Hepliaklqana
Kikubaaqudgha
Makhleb
Nemelex Xobeh
Okawaru
Qazlal
Ru
Sif Muna
Trog
Uskayaw
Vehumet
Wu Jian
Xom
Yredelemnul
Zin
The Shining One

Shops:
D:1 :   D:2 (   D:8 *

Annotations:
D:9 3 runed translucent doors, RascalDebosk's ghost, journeyman DjFE; browni3141's ghost, novice FoIE; turdburglar's ghost, novice HOHu


Message History

You hit the yak.
The yak is severely wounded.
You slash the yak!
You feel sick. The yak gores you. The yak barely misses you.
The yak gores you but does no damage. You block the yak's attack.
You barely miss the yak.
The yak is severely wounded.
You barely miss the yak. You hit the torpor snail.
You feel sick. The yak misses you. The yak gores you.
The torpor snail bites you! You block the yak's attack.
The yak closely misses you. The torpor snail bites you.
You slash the yak!
The yak is almost dead.
You slash the yak! You hit the torpor snail.
You feel sick. The yak barely misses you. The yak gores you.
The torpor snail bites you.
* * * LOW HITPOINT WARNING * * *
The yak gores you but does no damage. You block the yak's attack.
You hit the yak.
The yak is almost dead.
You hit the yak but do no damage. You hit the torpor snail.
You feel sick.
You are no longer poisoned.
You block the yak's attack. The yak gores you.
* * * LOW HITPOINT WARNING * * *
The torpor snail bites you but does no damage.
You slash the yak!
You kill the yak!
Okawaru accepts your kill.
You hit the yak. You slash the torpor snail!
The yak gores you but does no damage. You block the torpor snail's attack.
The yak gores you!
* * * LOW HITPOINT WARNING * * *
You barely miss the yak.
The yak is almost dead.
You hit the torpor snail. The yak gores you.
* * * LOW HITPOINT WARNING * * *
You block the torpor snail's attack.
The yak snorts and paws the ground.
The yak gores you!
* * * LOW HITPOINT WARNING * * *
The torpor snail bites you!
You die...

#......††.........
.....................
........#..#.........
#.......##+........#.
#..................).
......P....#.#.....#.
P.............(......
......P......†Y....+
......P......@w....#
#.....#......#.......
P............#.......
.....#............#.
.....##PP.P#.....#
..................
.................
...............


You could see a torpor snail and a yak.

Vanquished Creatures
  Harold (D:9)
  Amaemon (Lair:1)
  Lodul (D:10)
  A wolf spider zombie (D:9)
  2 black mambas
  3 centaur zombies (D:9)
  Psyche (D:9)
  An orange demon (Lair:1)
  2 centaur skeletons (D:9)
  2 komodo dragons (Lair:1)
  A hornet (D:9)
  2 hellwings
  A troll (D:7)
  Prince Ribbit (D:4)
  A wraith (D:5)
  24 yaks
  3 wyverns
  A basilisk (Lair:1)
  A steam dragon (D:7)
  Grum (D:9)
  3 vampire mosquitoes (D:10)
  Menkaure (D:5)
  A warg (D:9)
  Edmund (D:4)
  An acid dragon (D:10)
  4 water moccasins
  A sky beast (D:4)
  A black bear (D:6)
  6 orc warriors
  17 wolves
  12 ogres
  2 centaurs
  3 phantoms
  4 kobold brigands
  6 bullfrogs
  A scorpion (D:4)
  6 wights
  4 electric eels (D:8)
  5 howler monkeys
  2 jellies
  10 hounds
  10 orc priests
  A boggart zombie (D:9)
  2 iguanas
  11 orc wizards
  4 gnolls (D:9)
  9 adders
  6 shadow imps
  A white imp (D:8)
  3 dart slugs
  52 orcs
  5 ball pythons
  7 bats
  7 endoplasms
  4 giant cockroaches
  9 goblins
  3 hobgoblins
  4 quokkas
  A frilled lizard (D:1)
  25 kobolds
  4 rats
310 creatures vanquished.

Vanquished Creatures (others)
  An orc priest (D:9)
  2 kobolds (D:8)
3 creatures vanquished.

Grand Total: 313 creatures vanquished

Notes
Turn   | Place    | Note
-------+----------+-------------------------------------------
     0 | D:1      | apoch the Hill Orc Fighter began the quest for the Orb.
     0 | D:1      | Reached XP level 1. HP: 19/19 MP: 1/1
   183 | D:1      | Reached XP level 2. HP: 26/26 MP: 2/2
   230 | D:1      | Found Sicuolib's Book Shoppe.
   700 | D:2      | Found Ryriveps's Antique Weapon Emporium.
   723 | D:2      | Reached XP level 3. HP: 7/31 MP: 3/3
   843 | D:2      | Reached skill level 5 in Axes
  1518 | D:3      | Reached XP level 4. HP: 39/39 MP: 4/4
  2160 | D:4      | Reached XP level 5. HP: 41/45 MP: 5/5
  2297 | D:4      | Reached XP level 6. HP: 25/51 MP: 6/6
  2558 | D:4      | Reached XP level 7. HP: 57/57 MP: 7/7
  2720 | D:4      | Found a staircase to the Ecumenical Temple.
  2807 | Temple   | Entered the Ecumenical Temple
  2967 | Temple   | Became a worshipper of Warmaster Okawaru
  3071 | D:4      | Reached skill level 10 in Axes
  3116 | D:5      | Entered Level 5 of the Dungeon
  3129 | D:4      | Reached skill level 5 in Fighting
  3147 | D:5      | Noticed Prince Ribbit
  3176 | D:4      | Reached * piety under Okawaru
  3249 | D:4      | Killed Prince Ribbit
  3250 | D:4      | Reached XP level 8. HP: 40/73 MP: 6/8
  3284 | D:5      | Noticed Edmund
  3301 | D:4      | Killed Edmund
  3341 | D:5      | Found a white marble altar of Elyvilon.
  3360 | D:5      | Noticed a wraith
  3371 | D:5      | Found a transporter.
  3372 | D:5      | Found an ancient bone altar of Kikubaaqudgha.
  3375 | D:5      | Noticed Menkaure
  3381 | D:5      | Found a basalt altar of Yredelemnul.
  3601 | D:5      | Found a sparkling altar of Nemelex Xobeh.
  3602 | D:5      | Found a stormy altar of Qazlal.
  3603 | D:5      | Found a glowing golden altar of the Shining One.
  3660 | D:5      | Found an opulent altar of Gozag.
  3781 | D:5      | Found a transporter.
  3841 | D:6      | Reached ** piety under Okawaru
  4037 | D:6      | Reached skill level 10 in Fighting
  4351 | D:6      | Reached XP level 9. HP: 78/85 MP: 9/9
  4353 | D:6      | Reached skill level 5 in Armour
  5539 | D:7      | Reached *** piety under Okawaru
  5573 | D:7      | Identified a scroll of acquirement
  5573 | D:7      | Acquired the +3 warlock's mirror {omnireflect}
  5573 | D:7      | Found the +3 warlock's mirror {omnireflect}
  6105 | D:8      | Found Koeqaw's Gadget Gallery.
  6127 | D:8      | Found a hide-covered altar of Uskayaw.
  6209 | D:7      | Reached skill level 1 in Invocations
  6232 | D:7      | Reached XP level 10. HP: 93/93 MP: 12/12
  6342 | D:8      | Reached **** piety under Okawaru
  6343 | D:8      | Reached skill level 10 in Armour
  6385 | D:8      | Reached skill level 5 in Invocations
  6906 | D:7      | Reached ***** piety under Okawaru
  6987 | D:7      | Reached skill level 1 in Dodging
  7401 | D:8      | Found a staircase to the Lair.
  7512 | D:9      | Noticed Grum
  7592 | D:9      | Reached skill level 5 in Shields
  7791 | D:9      | Received a gift from Okawaru
  7792 | D:9      | Reached XP level 11. HP: 92/99 MP: 18/18
  7805 | D:9      | Found a runed translucent gate.
  7805 | D:9      | Found a runed translucent gate.
  7805 | D:9      | Found a runed translucent gate.
  7809 | D:9      | Noticed turdburglar's ghost (novice HOHu)
  7809 | D:9      | Noticed RascalDebosk's ghost (journeyman DjFE)
  7812 | D:9      | Noticed browni3141's ghost (novice FoIE)
  7844 | D:9      | Reached skill level 10 in Invocations
  7855 | D:9      | Killed Grum
  7880 | D:9      | Noticed Harold
  7898 | D:9      | Killed Harold
  7956 | D:9      | Reached skill level 5 in Dodging
  8079 | D:9      | Noticed Psyche
  8103 | D:9      | Killed Psyche
  8584 | D:9      | Found a staircase to the Orcish Mines.
  8804 | D:10     | Entered Level 10 of the Dungeon
  8839 | D:10     | Noticed Lodul
  8861 | D:10     | Killed Lodul
  8982 | D:10     | Found a blossoming altar of Fedhas.
  9052 | D:10     | Found a sacrificial altar of Ru.
  9104 | D:10     | Reached XP level 12. HP: 106/106 MP: 19/19
  9738 | D:5      | Killed Menkaure
  9754 | D:5      | Identified the +0 ring mail "Ecanuilo" {Harm Drain Regen+
                  | SInv}
  9906 | Lair:1   | Entered Level 1 of the Lair of Beasts
 10075 | Lair:1   | Received a gift from Okawaru
 10118 | Lair:1   | Reached skill level 10 in Shields
 10382 | Lair:1   | Noticed Amaemon
 10400 | Lair:1   | Killed Amaemon
 10834 | Lair:2   | Slain by a torpor snail

Illustrated notes

Levels and vault maps discovered:
D:1:      matt_arrival_diagonals, layout_basic, serial_shops,
          nicolae_shop_waterfront, minmay_hexomino_c4
D:2:      layout_rooms, serial_shops, nicolae_shop_trees
D:3:      layout_rooms
D:4:      layout_loops_cross, temple_hall
D:5:      layout_rooms, chequers_temple_overflow_statue_of_worship,
          nicolae_gozag_seed_capital, gammafunk_temple_of_torment,
          uniq_prince_ribbit1, uniq_edmund
D:6:      layout_basic, serial_rivers, chequers_serial_rivers_large_a,
          chequers_serial_rivers_room_b, chequers_serial_rivers_room_a,
          chequers_serial_rivers_large_b, chequers_serial_rivers_small_3,
          chequers_serial_rivers_small_a
D:7:      layout_rooms, nicolae_nh_ransacked_shop
D:8:      layout_cave_pools, nicolae_overflow_crystal_walls, erik_lair_island,
          nicolae_shop_gadgets
D:9:      cheibrodos_grave_circle, layout_long_grid, david_orc_1_choice,
          lightli_bailey_entry_fortress, gammafunk_ghost_cemetery,
          minmay_misc_feat_x, uniq_grum, uniq_harold, uniq_psyche
D:10:     layout_loops_cross, mainiacjoe_overflow_paths, old_standard_altar,
          uniq_lodul
Temple:   hellmonk_temple_forest_ring
Lair:1:   layout_misc_corridors, uniq_amaemon
Lair:2:   layout_chaotic_city, st_stairs_13

Skill      XL: |  1  2  3  4  5  6  7  8  9 10 11 12 |
---------------+-------------------------------------+-----
Axes           | 3 4 5 6 8 9 10 | 10.8
Fighting       | 7 10 | 10.0
Armour         | 4 9 10 | 10.0
Invocations    | 3 9 10 | 10.0
Dodging        | 2 6 8 |  8.1
Shields        | 5 9 10 | 10.0

Action                     |  1- 3 |  4- 6 |  7- 9 | 10-12 || total
---------------------------+-------+-------+-------+-------++-------
  Melee: War axe           |    95 |    86 |   238 |   106 ||   525
         Broad axe         |       |       |       |   343 ||   343
  Throw: Stone             |    25 |    28 |    44 |    24 ||   121
 Invoke: Heroism           |       |       |     1 |     4 ||     5
         Finesse           |       |       |       |     3 ||     3
    Use: Potion            |       |       |     1 |     2 ||     3
         Scroll            |       |       |    19 |     7 ||    26
   Stab: Petrified         |       |       |       |     5 ||     5
 Armour: Scale mail        |    34 |    36 |    89 |    30 ||   189
         Chain mail        |       |       |       |   244 ||   244
  Dodge: Dodged            |    36 |    25 |    88 |   266 ||   415
  Block: Buckler           |    12 |    16 |    73 |   288 ||   389
         Reflection        |       |       |     2 |    25 ||    27
